 Dungeon Crawl Stone Soup version 0.28.0-53-g5a82cb258f (webtiles) character file.

Game seed: 9727758771932648135

70 CryoSword the Conjurer (level 4, -2/34 HPs)
             Began as a Demonspawn Conjurer on May 24, 2022.
             Was an Initiate of Fedhas.
             Slain by an adder (5 damage)
             ... on level 4 of the Dungeon.
             The game lasted 00:03:12 (3543 turns).

CryoSword the Conjurer (Demonspawn Conjurer)        Turns: 3543, Time: 00:03:13

Health: -2/34      AC:  2    Str: 10    XL:     4   Next: 3%
Magic:  7/7        EV: 12    Int: 19    God:    Fedhas [......]
Gold:   107        SH:  0    Dex: 11    Spells: 4/7 levels left

rFire   . . .      SeeInvis .   g - +2 whip (pain)
rCold   . . .      Faith    .   (no shield)
rNeg    . . .      Spirit   .   a - +0 robe
rPois   .          Reflect  .   (no helmet)
rElec   .          Harm     .   (no cloak)
rCorr   .          Rampage  .   (no gloves)
Will    .....                   (no boots)
Stlth   ++........              (no amulet)
HPRegen 0.11/turn               (no ring)
MPRegen 0.10/turn               (no ring)

@: lethally poisoned (-2 -> -9)
A: foul stench 1, weakness stinger 1
a: Renounce Religion


You were on level 4 of the Dungeon.
You worshipped Fedhas.
Fedhas was noncommittal.
You visited 1 branch of the dungeon, and saw 4 of its levels.

You collected 107 gold pieces.

Inventory:

Hand Weapons
 g - a +2 whip of pain (weapon)
   (You found it on level 1 of the Dungeon)
Missiles
 i - 5 poisoned darts
Armour
 a - a +0 robe (worn)
Scrolls
 b - a scroll of teleportation {unknown}
 d - a scroll of magic mapping {unknown}
 e - a scroll of identify {unknown}
 h - a scroll of noise {unknown}
 k - a scroll of vulnerability {unknown}
 m - 2 scrolls of immolation {unknown}
 n - a scroll of torment {unknown}
Potions
 c - a potion of mutation {unknown}
 f - a potion of magic
 j - a potion of brilliance {unknown}
 l - 2 potions of curing {unknown}
 o - a potion of cancellation {unknown}


   Skills:
 + Level 2.4 Fighting
 - Level 1.7 Dodging
 - Level 1.7 Stealth
 - Level 2.0 Spellcasting
 + Level 4.8 Conjurations
 + Level 0.1 Invocations


You had 4 spell levels left.
You knew the following spells:

 Your Spells              Type           Power      Damage    Failure   Level
a - Magic Dart            Conj           80%        1d7       2%          1
b - Searing Ray           Conj           40%        2d5       3%          2

Your spell library contained the following spells:

 Spells                   Type           Power      Damage    Failure   Level
 Animate Skeleton         Necr           2%         N/A       17%         1
 Pain                     Necr           4%         1d4       17%         1
 Sting                    Tmut/Pois      4%         1d3       17%         1
 Dazzling Flash           Conj/Hex       22%        N/A       19%         3
 Poisonous Vapours        Pois/Air       2%         N/A       26%         2
 Vampiric Draining        Necr           1%         2d6       45%         3
 Fulminant Prism          Conj/Hex       5%         3d7       52%         4
 Iskenderun's Mystic Bla  Conj/Tloc      11%        2d4       52%         4
 Olgreb's Toxic Radiance  Pois           1%         N/A       86%         4


Dungeon Overview and Level Annotations

Branches:
Dungeon (4/15)
 Temple: D:4-7

Altars:
Fedhas

Shops:
D:4 *

Annotations:
D:3 2 runed translucent doors, Gabide's ghost, weakling BaHu


Innate Abilities, Weirdness & Mutations

You may rarely emit foul miasma when damaged in melee.
You have a small tail.


Message History

The bat barely misses you.
You hit the kobold.
You kill the kobold!
Fedhas appreciates your contribution to the ecosystem.
The bat barely misses you.
You have reached level 4!
You feel stronger.
Your demonic ancestry asserts itself...
You begin to emit a foul stench of rot and decay.
You closely miss the bat.
You tail-slap the bat, but do no damage.
The bat barely misses you.
Your magical contamination has completely faded away.
The bat closely misses you.
You see here a ball python corpse.
The bat completely misses you.
You hit the bat.
Your tail-slap misses the bat.
The bat completely misses you. The bat closely misses you.
You miss the bat. The bat hits you but does no damage.
The bat closely misses you.
You barely miss the bat. The bat barely misses you.
No reachable target in view!
No reachable target in view!
No reachable target in view!
No reachable target in view!
No reachable target in view!
No reachable target in view!
No reachable target in view!
No reachable target in view!
No reachable target in view!
No reachable target in view!
No reachable target in view!
No reachable target in view!
No reachable target in view!
Aim: a bat (water, severely wounded, 66% to hit)
The searing ray hits the bat!
You kill the bat!
Fedhas appreciates your contribution to the ecosystem. (Press . to maintain the ray.)
Things that are here:
a +0 dagger; 5 stones
There is a large open door here.
Could not explore, unopened door.
Could not explore, unopened door.
Could not explore, unopened door.
You open the door.
Found a stone staircase leading up.
A quokka comes into view.
Found a stone staircase leading down.
Found a runed translucent door.
A quokka is nearby!
A quokka is nearby!
A quokka is nearby!
Aim: a quokka (69% to hit)
The searing ray hits the quokka.
You kill the quokka!
Fedhas appreciates your contribution to the ecosystem. (Press . to maintain the ray.)
You now have 107 gold pieces (gained 10).
Found a stone staircase leading up.
Found a runed translucent door.
Could not explore, unopened door.
Could not explore, unopened door.
Could not explore, unopened door.
You open the door.
Gabide's ghost turns its malevolent gaze towards you.
The ball python hisses angrily.
You hear an angry hiss.
You see here a quokka corpse.
Key pressed, stopping explore.
You see here a +0 club.
You enter the shallow water.
Moving in this stuff is going to be slow.
Key pressed, stopping explore.
There is a dry fountain here.
You enter the shallow water.
Moving in this stuff is going to be slow.
The ball python hisses angrily.
Gabide's ghost turns its malevolent gaze towards you.
The adder hisses angrily.
Could not explore, unopened runed door.
Could not explore, unopened runed door.
There is an open door here.
There is a stone staircase leading down here.
You climb downwards.
Found Hasiwo's General Store.
Found a stone staircase leading down.
There is a stone staircase leading up here.
A kobold brigand comes into view.
It is wielding a +0 dagger and quivering curare-tipped darts.
The kobold brigand shouts!
You hear an angry hiss.
There is an entrance to Hasiwo's General Store here.
A kobold brigand is nearby!
A kobold brigand is nearby!
The kobold brigand throws a curare-tipped dart.
The curare-tipped dart hits you.
You are poisoned.
You have difficulty breathing.
You feel yourself slow down.
Okay, then.
You feel very sick.
An adder comes into view.
There is an entrance to Hasiwo's General Store here.
You feel very sick.
You feel very sick.
There is a stone staircase leading up here.
You feel sick.
You climb upwards.
Level annotation: 2 runed translucent doors, Gabide's ghost, weakling BaHu You feel sick.
There is a stone staircase leading down here.
You start resting.
You feel sick.
You are no longer poisoned.
You start resting.
You feel yourself speed up.
You start resting.
You climb downwards.
The adder closely misses you. The kobold brigand misses you.
The adder barely misses you.
There is a stone staircase leading up here.
Aim: an adder (63% to hit)
The searing ray hits the kobold brigand. (Press . to maintain the ray.)
The adder bites you.
The kobold brigand hits you with a +0 dagger.
The searing ray misses the kobold brigand.
The adder bites you but does no damage.
The kobold brigand hits you with a +0 dagger.
The searing ray hits the kobold brigand!
The adder bites you. The kobold brigand misses you.
The adder bites you but does no damage.
The searing ray hits the kobold brigand!
You finish channelling your searing ray.
The adder bites you.
You are poisoned.
The adder poisons you! The kobold brigand closely misses you.
Aim: an adder (63% to hit)
The searing ray hits the kobold brigand. (Press . to maintain the ray.)
You feel sick. The adder bites you but does no damage.
The kobold brigand hits you with a +0 dagger.
* * * LOW HITPOINT WARNING * * *
Without enough magic to sustain it, your searing ray dissipates.
You feel sick. The adder bites you.
* * * LOW HITPOINT WARNING * * *
You are more poisoned.
The adder poisons you!
The kobold brigand hits you with a +0 dagger.
* * * LOW HITPOINT WARNING * * *
The adder bites you.
* * * LOW HITPOINT WARNING * * *
It was a potion of magic.
Magic courses through your body.
* * * LOW HITPOINT WARNING * * *
You feel sick. The adder bites you.
You die...
Fedhas appreciates your contribution to the ecosystem.

#.# #.# ## #.#
.. #.# .#
#.##.#
###..#.##
#.......###..
#S@K∩.>.....#
#...........#
#....#.#####.#
.......#.#
########.# #.#
#.# ..#


You could see a kobold brigand and an adder.

Vanquished Creatures
  An adder (D:2)
  2 dart slugs (D:2)
  9 bats
  2 endoplasms (D:1)
  6 goblins
  A hobgoblin (D:2)
  3 jackals (D:1)
  6 kobolds
  4 quokkas
  10 ball pythons
  4 frilled lizards
  4 rats (D:2)
52 creatures vanquished.

Notes
Turn   | Place    | Note
-------+----------+-------------------------------------------
     0 | D:1      | CryoSword the Demonspawn Conjurer began the quest for the
                  | Orb.
     0 | D:1      | Reached XP level 1. HP: 13/13 MP: 3/3
   413 | D:1      | Reached skill level 1 in Fighting
   447 | D:1      | Gained mutation: You have a small tail. [demonic ancestry]
   447 | D:1      | Reached XP level 2. HP: 21/21 MP: 1/5
   682 | D:1      | Learned a level 2 spell: Searing Ray
  1230 | D:2      | Reached XP level 3. HP: 23/27 MP: 0/6
  1450 | D:2      | Found a faded altar of an unknown god.
  2467 | D:3      | Found a blossoming altar of Fedhas.
  2583 | D:3      | Became a worshipper of Fedhas Madash
  2835 | D:3      | Gained mutation: You may rarely emit foul miasma when
                  | damaged in melee. [demonic ancestry]
  2835 | D:3      | Reached XP level 4. HP: 28/34 MP: 4/7
  2974 | D:3      | Found a runed translucent door.
  3029 | D:3      | Found a runed translucent door.
  3036 | D:3      | Noticed Gabide's ghost (weakling BaHu)
  3300 | D:4      | Found Hasiwo's General Store.
  3302 | D:4      | Noticed a kobold brigand
  3543 | D:4      | Slain by an adder

Illustrated notes

Levels and vault maps discovered:
D:1:      dpeg_arrival_court, layout_loops_ring
D:2:      layout_loops_cross, ebering_ecumenical_altar_mist, minmay_bisected
D:3:      layout_basic, old_standard_altar, ebering_ghost_sewer_f, fountainhead,
          kennysheep_generic_room_4
D:4:      layout_basic, nicolae_qazlal_style_of_elements,
          minmay_temple_entry_fiery, ebering_ghost_reflecting_pool,
          serial_shops, nicolae_stop_n_shop_2, uniq_menkaure

Skill      XL: |  1  2  3 |
---------------+----------+-----
Fighting       | 1 2 |  2.4
Dodging        | |  1.7
Stealth        | |  1.7
Spellcasting   | |  2.0
Conjurations   | |  4.8
Invocations    | |  0.1

Action                   |  1- 3 |  4- 6 || total
-------------------------+-------+-------++-------
Melee: Unarmed           |    23 |       ||    23
       Whip              |    49 |     4 ||    53
       Tailslap          |     9 |     1 ||    10
       Punch             |     1 |       ||     1
 Cast: Magic Dart        |    32 |       ||    32
       Searing Ray       |    17 |     4 ||    21
  Use: Potion            |       |     1 ||     1
Armor: Robe              |    21 |     4 ||    25
Dodge: Dodged            |    70 |    12 ||    82
